 Dungeon Crawl Stone Soup version 0.30-a0-462-gd5975efbca (webtiles) character file.

Game seed: 1037132677499125400

1912 Ijustatesigmund the Firebug (level 9, 0/73 HPs)
             Began as a Hill Orc Fire Elementalist on Dec 16, 2022.
             Was an Initiate of Cheibriados.
             Slain by a gnoll
             ... wielding a +0 spear
             ... led by a gnoll sergeant
              (9 damage)
             ... on level 8 of the Dungeon.
             The game lasted 00:12:10 (10529 turns).

Ijustatesigmund the Firebug (HOFE)                 Turns: 10529, Time: 00:12:11

Health: 0/73       AC:  2    Str: 12    XL:     9   Next: 16%
Magic:  0/11       EV: 12    Int: 20    God:    Cheibriados [......]
Gold:   371        SH:  0    Dex: 18    Spells: 4/11 levels left

rFire   . . .      SeeInvis .    c - +0 war axe
rCold   . . .      Faith    .    (no shield)
rNeg    . . .      Spirit   .    a - +0 robe
rPois   .          Reflect  .    (no helmet)
rElec   .          Harm     .    (no cloak)
rCorr   .          Rampage  .    (no gloves)
Will    .....                    (no boots)
Stlth   ++........               s - amulet of regeneration
HPRegen 1.12/turn                h - +6 ring of dexterity
MPRegen 0.12/turn                (no ring)

@: very slow
A: no striking features
a: Renounce Religion


You were on level 8 of the Dungeon.
You worshipped Cheibriados.
Cheibriados was noncommittal.
You visited 2 branches of the dungeon, and saw 9 of its levels.
You also visited: Sewer.

You collected 371 gold pieces.

Inventory:

Hand Weapons
 c - a +0 war axe (weapon)
 i - a +3 dagger
Armour
 a - a +0 robe (worn)
Jewellery
 h - a +6 ring of dexterity (left hand)
 s - an amulet of regeneration (around neck)
Wands
 p - a wand of iceblast (8)
Scrolls
 e - a scroll of poison
 g - a scroll of identify
 k - 3 scrolls of fear
 l - 5 scrolls of teleportation
 n - a scroll of magic mapping
Potions
 b - 4 potions of magic
 d - a potion of lignification
 f - a potion of mutation {unknown}
 j - 4 potions of might
 o - 2 potions of heal wounds
 q - 2 potions of attraction
 t - a potion of flight
 w - a potion of invisibility {unknown}


   Skills:
 - Level 4.9 Fighting
 - Level 4.5 Axes
 - Level 4.6 Armour
 - Level 1.5 Dodging
 - Level 1.5 Stealth
 - Level 1.5 Spellcasting
 + Level 6.3 Conjurations
 + Level 7.7 Fire Magic
 + Level 1.6 Invocations


You had 4 spell levels left.
You knew the following spells:

 Your Spells              Type           Power      Damage    Failure   Level
a - Foxfire               Conj/Fire      100%       2x1d9     1%          1
b - Scorch                Fire           64%        2d8       1%          2
c - Flame Wave            Conj/Fire      29%        2d9       9%          4

Your spell library contained the following spells:

 Spells                   Type           Power      Damage    Failure   Level
 Inner Flame              Hex/Fire       17%        N/A       10%         3
 Slow                     Hex            4%         N/A       17%         1
 Kindle Blastsparks       Fire/Tloc/Air  22%        2d11      17%         3
 Confusing Touch          Hex            1%         N/A       45%         3
 Vampiric Draining        Necr           1%         2d6       45%         3
 Animate Dead             Necr           1%         N/A       86%         4
 Borgnjor's Vile Clutch   Necr/Erth      0%         N/A       99%         5
 Death Channel            Necr           0%         N/A       100%        6
 Chain Lightning          Conj/Air       7%         3d9       100%        9
 Fire Storm               Conj/Fire      14%        8d4       100%        9
 Shatter                  Erth           0%         3d5*      100%        9


Dungeon Overview and Level Annotations

Branches:
Dungeon (8/15)             Temple (1/1) D:7           Sewer (visited)
   Lair: D:8-11

Altars:
Ashenzari
Cheibriados
Dithmenos
Elyvilon
Fedhas
Gozag
Hepliaklqana
Kikubaaqudgha
Makhleb
Nemelex Xobeh
Okawaru
Qazlal
Ru
Sif Muna
Trog
Uskayaw
Vehumet
Wu Jian
Xom
Yredelemnul
Zin
The Shining One

Shops:
D:2 (


Message History

The ice beast is almost dead.
The ice beast's fire resistance burns away.
The howler monkey hoots and howls with incredible vigour!
The ice beast barely misses you.
You hear a howl!
You hear a shout!
You hear a howl!
The howler monkey hoots and howls with incredible vigour!
The ice beast hits you. The ice beast freezes you!
* * * LOW HITPOINT WARNING * * *
You hear a shout!
Casting: Scorch (safe; 1% risk of failure)
Confirm with . or Enter, or press ? or * to list all spells.
You conjure some foxfire!
The foxfire hits the howler monkey!
The howler monkey is burned terribly!
You kill the howler monkey!
Cheibriados thoroughly appreciates the change of pace.
The ice beast hits you.
* * * LOW HITPOINT WARNING * * *
The ice beast freezes you!
* * * LOW HITPOINT WARNING * * *
Your Invocations skill increases to level 1!
The ice beast barely misses you.
Your foxfire dissipates!
Casting: Foxfire (safe; 1% risk of failure)
Confirm with . or Enter, or press ? or * to list all spells.
You don't have enough magic to cast this spell.
Casting: Foxfire (safe; 1% risk of failure)
Confirm with . or Enter, or press ? or * to list all spells.
You conjure some foxfire!
The ice beast hits you.
* * * LOW HITPOINT WARNING * * *
The ice beast freezes you!
* * * LOW HITPOINT WARNING * * *
The ice beast is no longer more vulnerable to fire.
The foxfire hits the ice beast!
The ice beast melts!
You kill the ice beast!
Cheibriados appreciates the change of pace.
A gnoll sergeant and 3 gnolls come into view.
The gnoll shouts!
There is a stone staircase leading up here.
The gnoll hits you from afar with a +0 spear!
You die...

....... .
........# ..
###..... ..# #..
..... ....
#...###†.# .g...
........####.....
..........#g.g...
.⌠...##....g.#
....<.##.@..##
.....(.....##
....##....## #
##..... ...####
#...# #...# ##..#
#.##


You could see a gnoll sergeant and 3 gnolls.

Vanquished Creatures
  A sky beast (D:4)
  An ice beast (D:8)
  A centaur (D:7)
  A phantom (D:5)
  3 bullfrogs
  3 necrophages
  5 scorpions
  3 killer bees
  A howler monkey (D:8)
  An orc priest (D:7)
  4 jellies
  4 hounds
  5 iguanas
  2 orc wizards
  4 gnolls
  9 adders
  2 river rats (Sewer)
  A shadow imp (D:6)
  An ufetubus (D:4)
  2 worms
  A dart slug (D:2)
  15 orcs
  4 bats
  10 endoplasms
  3 giant cockroaches
  7 goblins
  2 hobgoblins
  5 jackals
  8 kobolds
  6 quokkas
  18 ball pythons
  3 frilled lizards
  31 rats
167 creatures vanquished.

Vanquished Creatures (collateral kills)
  A foxfire (D:7)
1 creature vanquished.

Vanquished Creatures (others)
  483 foxfires
483 creatures vanquished.

Grand Total: 651 creatures vanquished

Notes
Turn   | Place    | Note
-------+----------+-------------------------------------------
     0 | D:1      | Ijustatesigmund the Hill Orc Fire Elementalist began the
                  | quest for the Orb.
     0 | D:1      | Reached XP level 1. HP: 14/14 MP: 3/3
   183 | D:1      | Reached XP level 2. HP: 22/22 MP: 1/4
   185 | D:1      | Reached skill level 1 in Fighting
   188 | D:1      | Learned a level 2 spell: Scorch
   831 | D:1      | Reached XP level 3. HP: 23/28 MP: 1/5
   968 | D:2      | Found Biskir's Weapon Emporium.
  1213 | D:2      | Reached skill level 4 in Fire Magic
  1484 | D:2      | Reached XP level 4. HP: 29/36 MP: 0/6
  2129 | D:3      | Found a glowing silver altar of Zin.
  2505 | D:3      | Found a blossoming altar of Fedhas.
  2763 | D:4      | Reached skill level 1 in Axes
  2817 | D:4      | Reached XP level 5. HP: 22/44 MP: 0/7
  3727 | D:4      | Reached XP level 6. HP: 51/51 MP: 4/8
  3815 | D:4      | Noticed a sky beast
  3829 | D:4      | Killed a sky beast
  4182 | D:5      | Entered Level 5 of the Dungeon
  4191 | D:5      | Reached skill level 5 in Fire Magic
  4267 | D:5      | Reached XP level 7. HP: 21/59 MP: 1/9
  5254 | D:5      | Found an ornate altar of the Wu Jian Council.
  6133 | D:6      | Reached skill level 1 in Armour
  6133 | D:6      | Reached skill level 6 in Fire Magic
  6133 | D:6      | Reached XP level 8. HP: 35/67 MP: 5/10
  6203 | D:6      | Learned a level 4 spell: Flame Wave
  6405 | D:6      | Found a sacrificial altar of Ru.
  6513 | D:6      | Found a glowing drain.
  6527 | Sewer    | Entered a sewer
  7827 | Sewer    | Reached skill level 5 in Conjurations
  8357 | D:6      | Found an opulent altar of Gozag.
  8514 | D:6      | Found a broken altar of Ashenzari.
  8722 | D:7      | Found a basalt altar of Yredelemnul.
  8756 | D:7      | Found a staircase to the Ecumenical Temple.
  8793 | Temple   | Entered the Ecumenical Temple
  8799 | Temple   | Reached skill level 7 in Fire Magic
  9833 | D:7      | Reached XP level 9. HP: 46/73 MP: 5/11
 10477 | Temple   | Became a worshipper of Cheibriados the Contemplative
 10523 | D:8      | Reached skill level 1 in Invocations
 10529 | D:8      | Slain by a gnoll

Illustrated notes

Levels and vault maps discovered:
D:1:      grunt_arrival_lava_bath, layout_loops_cross, hangedman_decor_lopped,
          minmay_heptomino_d4
D:2:      layout_loops_ring, serial_shops,
          nicolae_shop_temple_entry_statues_fountains, kennysheep_crisscross
D:3:      layout_loops_ring, mainiacjoe_overflow_large_starburst
D:4:      layout_rooms, kennysheep_flooded_box
D:5:      layout_loops_cross, mainiacjoe_overflow_brackets,
          hangedman_decor_slide_cut
D:6:      layout_basic, mainiacjoe_overflow_alcove_1, old_standard_altar,
          grunt_gozag_statues, portal_sewer_entry_b
D:7:      layout_loops_corners, mainiacjoe_overflow_alcove_4,
          minmay_temple_entry_trees
D:8:      layout_cave_pools, hellmonk_lair_entry_icy, serial_column_ruins,
          column_ruins_hut, column_ruins_temple_circle,
          column_ruins_corridor_straight, column_ruins_grid_3,
          column_ruins_open_small, column_ruins_columns_straight,
          column_ruins_corridor_corner, column_ruins_grid_3, chequers_big_river
Temple:   nicolae_temple_no_exploring_needed

Skill      XL: |  1  2  3  4  5  6  7  8  9 |
---------------+----------------------------+-----
Fighting       | 1 2 3 4 |  4.9
Conjurations   | 2 3 4 6 |  6.3
Fire Magic     | 4 5 6 7 |  7.7
Axes           | 1 2 3 4 |  4.5
Armour         | 1 4 |  4.6
Invocations    | 1 |  1.6
Dodging        | |  1.5
Stealth        | |  1.5
Spellcasting   | |  1.5

Action                   |  1- 3 |  4- 6 |  7- 9 || total
-------------------------+-------+-------+-------++-------
Melee: Dagger            |    29 |     7 |       ||    36
       War axe           |       |     9 |    60 ||    69
 Cast: Foxfire           |    56 |    79 |   153 ||   288
       Scorch            |     4 |    10 |    59 ||    73
  Use: Scroll            |       |     4 |    13 ||    17
       Potion            |       |     2 |     3 ||     5
 Stab: Sleeping          |     1 |       |       ||     1
Armor: Robe              |     2 |    10 |    21 ||    33
Dodge: Dodged            |    26 |    45 |   127 ||   198

Table legend: (Time is in decaauts)
 A = Elapsed time spent in this place.
 B = Non-inter-level travel time spent in this place.
 C = Inter-level travel time spent in this place.
 D = Time resting spent in this place.
 E = Time spent auto-exploring this place.
 F = Levels seen in this place.
 G = Mean time per level.
                   A        B        C        D        E       F      G
               +--------+--------+--------+--------+--------+-----+--------+
         Total |  10584 |  10401 |    183 |   3395 |   5657 |  10 | 1058.4 |
       Dungeon |   8457 |   8284 |    173 |   1939 |   5261 |   8 | 1057.1 |
        Temple |    604 |    594 |     10 |    556 |      0 |   1 |  604.0 |
         Sewer |   1522 |   1522 |      0 |    900 |    395 |   1 | 1522.0 |
               +--------+--------+--------+--------+--------+-----+--------+

Top non-repeatable levels by time:
     D:5: 1927 daAuts
   Sewer: 1522 daAuts
     D:7: 1227 daAuts
     D:6: 1082 daAuts
     D:4: 1081 daAuts
     D:3: 1060 daAuts
     D:2: 1027 daAuts
     D:1: 1014 daAuts
  Temple: 604 daAuts
     D:8: 36 daAuts
